AoeStats
← timmy_turner

Arabia

510219114Analyzed
1v1 RM · 3d ago on Sep 30, 2026· 33m 28s· 2 players
Game mode
Random Map
Map size
Tiny (2 player)
Population
200
Speed
Normal
Resources
Standard
Victory
Conquest
Starting age
Dark Age
Ending age
Imperial Age
RankedLock teamsTeams togetherTeam positionsShared explorationLock speedFull tech treeHidden civsTurbo modeCheats
Victory
Defeat
🇨🇴 Chinese · Colombia
1761
+10
🇺🇸 Khitans · United States
1618
-10
Karuizawa
1:05 Loom
9:25 Feudal Age
10:29 Double-Bit Axe
22:47 Castle Age
21:23 Fletching
22:02 Padded Archer Armor
21:59 Gold Mining
23:34 Bloodlines
24:01 Bodkin Arrow
26:47 Wheelbarrow
27:00 Husbandry
27:45 Ballistics
timmy_turner
6:32 Loom
7:43 Loom
10:29 Feudal Age
10:51 Man-at-Arms
12:11 Double-Bit Axe
13:54 Domestication
16:49 Forging
21:08 Castle Age
19:59 Scale Barding Armor
23:28 Husbandry
26:15 Bow Saw
26:39 Fletching
28:23 Town Watch
28:59 Bodkin Arrow
31:47 Wheelbarrow
32:25 Padded Archer Armor
Connection lost

Rejoining the realm…

Still unreachable

The connection could not be restored.

Session expired

The server has moved on; the page needs a fresh start.